 Dungeon Crawl Stone Soup version 0.30-b1-2-g02819fbbbe (webtiles) character file.

Game seed: 12018023208287528239

265 seren the Covered (level 5, -2/48 HPs)
             Began as an Armataur Fighter on Jan 4, 2024.
             Engulfed by a cloud of flame (27 damage)
             ... on level 3 of the Dungeon.
             The game lasted 00:05:17 (2444 turns).

seren the Covered (Armataur Fighter)                Turns: 2444, Time: 00:05:18

Health: -2/48      AC: 12    Str: 23    XL:     5   Next: 99%
Magic:  5/5        EV: 22    Int:  8    God:
Gold:   108        SH:  4    Dex: 10    Spells: 4/4 levels left

rFire   . . .        w - +1 whip (venom)
rCold   . . .        c - +0 buckler
rNeg    . . .        b - +0 scale mail
rPois   +            (no helmet)
rElec   .            s - +0 cloak
rCorr   .            (no gloves)
SInv    .            (no barding)
Will    .....        r - amulet of the acrobat Stlth
                     f - ring of poison resistance
HPRegen 0.28/turn    h - +4 ring of protection
MPRegen 0.09/turn

%: acrobat, roll
@: acrobatic
A: large, rugged brown scales 3, deformed body, armoured tail, roll, long
tongue, awkward tongue
a: no special abilities


You were on level 3 of the Dungeon.
You visited 1 branch of the dungeon, and saw 3 of its levels.

You collected 108 gold pieces.

Inventory:

Hand Weapons
 a - a +0 flail
 w - a +1 whip of venom (weapon)
Missiles
 l - 28 stones (quivered)
 q - 6 javelins
Armour
 b - a +0 scale mail (worn)
 c - a +0 buckler (worn)
 s - a +0 cloak (worn)
Jewellery
 e - a ring of wizardry
 f - a ring of poison resistance (left hand)
 h - a +4 ring of protection (right hand)
 r - an amulet of the acrobat (around neck)
Scrolls
 g - 3 scrolls of identify {unknown}
 k - a scroll of amnesia {unknown}
 m - 3 scrolls of teleportation {unknown}
 o - a scroll of enchant weapon {unknown}
 v - a scroll of vulnerability {unknown}
 y - a scroll of summoning {unknown}
Potions
 d - 3 potions of might
 i - 2 potions of heal wounds {unknown}
 j - a potion of degeneration {unknown}
 n - a potion of haste {unknown}
 p - 2 potions of brilliance {unknown}
 t - 2 potions of invisibility {unknown}
 u - a potion of ambrosia {unknown}
 x - a potion of mutation {unknown}
 z - a potion of attraction {unknown}


   Skills:
 + Level 3.5 Fighting
 * Level 3.6 Maces & Flails
 + Level 4.8 Armour
 - Level 1.0 Dodging
 + Level 4.4 Shields


You had 4 spell levels left.
You didn't know any spells.
Your spell library was empty.

Dungeon Overview and Level Annotations

Branches:
Dungeon (3/15)

Altars:
Vehumet


Innate Abilities, Weirdness & Mutations

You are completely covered in rugged brown scales. (AC +3, +7% HP)
Armour fits poorly on your strangely shaped body.
You have a long armoured tail.
You roll when moving toward enemies. (Rampage)
Your long tongue fully drains potion bottles. (2x potion effects)
Your tongue gives you trouble enunciating. (1.5x scroll delay)


Message History

You see here a bat corpse.
Things that are here:
a +0 club; a +0 halberd You see here a +0 spear.
Found a radiant altar of Vehumet.
Found a scroll labelled KUZALIB GAIX and 6 gold pieces.
Really walk into a travel-excluded area? [Y]es or [N]o only, please.
Really walk into a travel-excluded area?
y - a scroll labelled SUIDEX OROXTA You open the door.
Found a scroll labelled KUZALIB GAIX.
There is an open door here.
g - 2 scrolls labelled KUZALIB GAIX (gained 1)
A quokka comes into view.
The quokka completely misses you.
You hit the quokka.
You kill the quokka!
No target in view!
You now have 108 gold pieces (gained 14).
You open the door.
There is an open door here.
Partly explored, can't reach some items.
Partly explored, can't reach some items.
Partly explored, can't reach some items.
Partly explored, can't reach some items.
You open the door.
There is an open door here.
Unknown command.
Unknown command.
Press: ? - help, v - describe, . - travel The floor.
Stopped running for exclusion.
You are engulfed in blazing flames.
You are engulfed in blazing flames.
You see here a scroll labelled KUZALIB GAIX.
g - 3 scrolls labelled KUZALIB GAIX (gained 1)
You are engulfed in blazing flames.
Ouch! That really hurt!
You die...

#.###.#.# ###.#
##.....## #
#.....#.# #.#
##...## # #..####.#
#.# ##'## #..# #.#
#.# #.#######
#..####.# ###.###
#........ #.......#
#.....#####..#####.
##.######
#.☼................
#.#
#.☼_○.#.#.....###..
##.#
#.@§☼$..#....##....
...#
#..○...##.#..##.#..
####
#########.#..##.#..
#..........
###.......#
#########


There were no monsters in sight!

Vanquished Creatures
  A bullfrog (D:3)
  Natasha (thrice) (D:2)
  3 gnolls (D:3)
  4 adders
  A dart slug (D:2)
  2 orcs (D:3)
  6 bats
  An endoplasm (D:1)
  2 giant cockroaches (D:1)
  10 goblins
  4 hobgoblins
  5 quokkas
  6 ball pythons
  4 frilled lizards
  9 kobolds
  3 rats
64 creatures vanquished.

Notes
Turn   | Place    | Note
-------+----------+-------------------------------------------
     0 | D:1      | seren the Armataur Fighter began the quest for the Orb.
     0 | D:1      | Reached XP level 1. HP: 19/19 MP: 1/1
   154 | D:1      | Reached XP level 2. HP: 26/26 MP: 2/2
   619 | D:2      | Reached XP level 3. HP: 28/32 MP: 3/3
  1013 | D:2      | Noticed Natasha
  1022 | D:2      | Killed Natasha
  1023 | D:2      | Reached XP level 4. HP: 26/40 MP: 4/4
  1109 | D:2      | Noticed Natasha
  1116 | D:2      | Killed Natasha
  1264 | D:2      | Noticed Natasha
  1275 | D:2      | Killed Natasha
  1447 | D:3      | Reached XP level 5. HP: 46/48 MP: 5/5
  1518 | D:3      | Reached skill level 1 in Dodging
  2172 | D:3      | Found a faded altar of an unknown god.
  2313 | D:3      | Found a radiant altar of Vehumet.
  2444 | D:3      | Engulfed by a cloud of flame

Illustrated notes

Levels and vault maps discovered:
D:1:      saegor_arrival_miasma, layout_loops_ring, minmay_misc_feat_encased
D:2:      layout_loops_ring, uniq_natasha
D:3:      layout_loops_corners, fiery_altar_vehumet, basic_ecumenical_altar

Skill      XL: |  1  2  3  4  5 |
---------------+----------------+-----
Maces & Flails | 2 3 |  3.6
Armour         | 4 |  4.8
Fighting       | 3 |  3.5
Shields        | 4 |  4.4
Dodging        | 1 |  1.0

Action                     |  1- 3 |  4- 6 || total
---------------------------+-------+-------++-------
  Melee: Flail             |    98 |    73 ||   171
         Tailslap          |     6 |    13 ||    19
         Whip              |       |    29 ||    29
 Armour: Scale mail        |    49 |    39 ||    88
  Dodge: Dodged            |    43 |    38 ||    81
  Block: Buckler           |    20 |    27 ||    47
